 Dungeon Crawl Stone Soup version 0.26-a0-976-gd3b5134375 (webtiles) character file.

Game seed: 15890503999601134883

2949 Conn the Firebug (level 9, -6/55 HPs)
             Began as an Octopode Fire Elementalist on Dec 5, 2020.
             Was a Follower of Sif Muna.
             Shot with an arrow by a centaur warrior (27 damage)
             ... on level 8 of the Dungeon.
             The game lasted 00:18:06 (6910 turns).

Conn the Firebug (Octopode Fire Elementalist)       Turns: 6910, Time: 00:18:07

Health: -6/55      AC:  9    Str:  8    XL:     9   Next: 81%
Magic:  9/17       EV: 16    Int: 22    God:    Sif Muna [*.....]
Gold:   402        SH:  0    Dex: 18    Spells: 7/18 levels left

rFire    . . .     SeeInvis .   f - +4 dagger (protect)
rCold    . . .     Faith    .   (no shield)
rNeg     . . .     Spirit   .   (helmet restricted)
rPois    .         Reflect  .   l - amulet of regeneration
rElec    .         Harm     .   k - +6 ring of dexterity
rCorr    .         Rampage  .   m - ring of wizardry
MR       .....                  n - +4 ring of protection
Stlth    ++++......             y - +4 ring of protection
HPRegen  0.58/turn              (no ring)
MPRegen  0.15/turn              (no ring)
                                (no ring)
                                (no ring)

@: mighty, brilliant, about to teleport
A: almost no armour, stealthy swim, amphibious, 8 rings, constrict 8, camouflage
1, clever 1, mutation resistance 1, gelatinous body 1
a: Channel Magic, Renounce Religion


You were on level 8 of the Dungeon.
You worshipped Sif Muna.
Sif Muna was aware of your devotion.
You visited 2 branches of the dungeon, and saw 9 of its levels.

You collected 402 gold pieces.

Inventory:

Hand Weapons
 f - a +4 dagger of protection (weapon)
Missiles
 u - 30 poisoned darts
Jewellery
 k - a +6 ring of dexterity (left tentacle)
 l - an amulet of regeneration (around mantle)
 m - a ring of wizardry (right tentacle)
 n - a +4 ring of protection (on tentacle)
 y - a +4 ring of protection (on tentacle)
Wands
 q - a wand of paralysis (3)
 x - a wand of polymorph (2)
 z - a wand of digging (5)
 F - a wand of iceblast (11)
 H - a wand of acid (4)
Scrolls
 b - 5 scrolls of identify
 e - 2 scrolls of magic mapping {unknown}
 r - a scroll of enchant armour {unknown}
 s - 2 scrolls of remove curse
 t - a scroll of blinking {unknown}
 v - a scroll of noise {unknown}
 A - a scroll of fog {unknown}
 D - a scroll of vulnerability {unknown}
 E - a scroll of fear {unknown}
 G - 2 scrolls of amnesia {unknown}
Potions
 c - 2 potions of brilliance
 d - 2 potions of might
 g - a potion of ambrosia {unknown}
 h - a potion of flight
 i - 3 potions of curing
 j - a potion of lignification {unknown}
 o - 2 potions of resistance {unknown}
 w - 3 potions of mutation
 B - a potion of haste {unknown}
 C - a potion of attraction {unknown}


   Skills:
 + Level 2.4 Fighting
 + Level 3.0 Short Blades
 + Level 4.7 Dodging
 + Level 5.9 Stealth
 + Level 5.3 Spellcasting
 * Level 6.8 Conjurations
 * Level 7.5 Fire Magic


You had 7 spell levels left.
You knew the following spells:

 Your Spells              Type           Power        Failure   Level
a - Foxfire               Conj/Fire      ####         1%          1
b - Conjure Flame         Conj/Fire      ######..     1%          3
c - Inner Flame           Hex/Fire       ####....     2%          3
d - Sticky Flame          Conj/Fire      ######..     1%          4

Your spell library contained the following spells:

 Spells                   Type           Power        Failure   Level
 Fireball                 Conj/Fire      ######....   6%          5


Dungeon Overview and Level Annotations

Branches:
Dungeon (8/15)             Temple (1/1) D:5
   Lair: D:8-11

Altars:
Cheibriados
Dithmenos
Fedhas
Gozag
Kikubaaqudgha
Makhleb
Nemelex Xobeh
Okawaru
Qazlal
Ru
Sif Muna
Trog
Uskayaw
Vehumet
Wu Jian
Xom
Yredelemnul
The Shining One

Shops:
D:5 (   D:6 [   D:7 [

Annotations:
D:3 4 runed translucent doors, Dracia's ghost, amateur DrTm


Innate Abilities, Weirdness & Mutations

You cannot wear most types of armour.
You are very stealthy in the water. (Stealth+)
You are amphibious.
You can wear up to eight rings at the same time.
You can use your tentacles to constrict eight enemies at once.
Your skin changes colour to match your surroundings (Stealth+).
Your rubbery body absorbs attacks. (AC +1, EV +1)
Your mind is acute. (Int +2)
You are somewhat resistant to further mutation.


Message History

The floor.
Okay, then.
You feel much better.
The centaur warrior shoots an arrow.
The arrow hits you!!
The tengu conjurer mumbles some strange words.
You feel much better.
An orc comes into view. It is wielding a +0 hand axe.
A battlesphere comes into view.
As you read the scroll of teleportation, it crumbles to dust.
You feel strangely unstable.
The centaur warrior shoots an arrow.
The arrow hits you!!
Unknown command.
Casting: Conjure Flame (safe; 1% risk of failure)
Confirm with . or Enter, or press ? or * to list all spells.
Okay, then.
Unknown command.
Okay, then.
You feel better.
The centaur warrior shoots an arrow.
The arrow hits you!
* * * LOW HITPOINT WARNING * * *
You feel better.
The centaur warrior shoots an arrow.
The arrow hits you!!
You die...

#.....)........
#...?.........
#..>..o.......
#........# #...c..(.#
##### #.......(#
#...####........#
#......#...####)#
#......#.(@..§Q*#
#..._....######.......
#........# #...##..
#......### #...#
#†####<# #.....
#.####.# #.#....
#..[.†.# #.......
###..### ...#### #.##


You could see a centaur warrior, a tengu conjurer, a battlesphere and an orc
(wandering).

Vanquished Creatures
  A centaur warrior (D:8)
  A wyvern (D:8)
  A water moccasin (D:6)
  A sky beast (D:7)
  2 black bears
  4 ice beasts
  A phantom (D:6)
  A centaur (D:5)
  An ogre (D:7)
  3 howler monkeys
  3 jellies
  A quasit (D:5)
  5 hounds
  5 orc wizards
  An orc priest (D:7)
  2 bullfrog skeletons
  2 iguanas (D:5)
  Natasha (thrice) (D:4)
  4 worker ants
  A killer bee zombie (D:8)
  A hound zombie (D:5)
  A howler monkey zombie (D:7)
  3 gnolls
  8 adders
  A shadow imp (D:6)
  An ufetubus (D:5)
  2 adder skeletons
  2 worms
  3 dart slugs
  A leopard gecko (D:3)
  26 orcs
  2 ball pythons
  7 bats
  3 giant cockroaches
  6 goblins
  8 hobgoblins
  16 jackals
  2 frilled lizards (D:2)
  A giant cockroach zombie (D:6)
  9 kobolds
  A quokka skeleton (D:5)
  A quokka zombie (D:7)
  A rat (D:3)
149 creatures vanquished.

Vanquished Creatures (others)
  403 foxfires
  A fungus (D:3)
  3 plants (D:3)
407 creatures vanquished.

Grand Total: 556 creatures vanquished

Notes
Turn   | Place    | Note
-------+----------+-------------------------------------------
     0 | D:1      | Conn the Octopode Fire Elementalist began the quest for the
                  | Orb.
     0 | D:1      | Reached XP level 1. HP: 11/11 MP: 3/3
   232 | D:1      | Reached XP level 2. HP: 12/17 MP: 0/5
   554 | D:1      | Reached XP level 3. HP: 16/21 MP: 1/6
  1165 | D:1      | Learned a level 3 spell: Conjure Flame
  1475 | D:3      | Found a runed translucent gate.
  1475 | D:3      | Found a runed translucent gate.
  1475 | D:3      | Found a runed translucent gate.
  1475 | D:3      | Identified the +10 short sword of Sozam {drain, rC- Str+4
                  | Dex+5}
  1475 | D:3      | Noticed a big kobold
  1475 | D:3      | Noticed Dracia's ghost (amateur DrTm)
  1478 | D:3      | Noticed a big kobold
  1945 | D:2      | Reached XP level 4. HP: 27/27 MP: 4/7
  2294 | D:2      | Reached skill level 4 in Fire Magic
  2440 | D:2      | Learned a level 3 spell: Inner Flame
  2467 | D:3      | Reached XP level 5. HP: 24/31 MP: 8/8
  2486 | D:3      | Found a runed translucent door.
  2513 | D:3      | Found a glowing golden altar of the Shining One.
  2513 | D:3      | Noticed an angel
  3094 | D:4      | Noticed Natasha
  3103 | D:4      | Killed Natasha
  3407 | D:4      | Noticed Natasha
  3417 | D:4      | Killed Natasha
  3418 | D:4      | Reached XP level 6. HP: 26/36 MP: 8/10
  3712 | D:4      | Noticed Natasha
  3729 | D:4      | Killed Natasha
  3940 | D:5      | Entered Level 5 of the Dungeon
  3956 | D:5      | Found Ophof's Weapon Emporium.
  3956 | D:5      | Noticed an ice beast
  3966 | D:5      | Killed an ice beast
  4046 | D:5      | Noticed an ice beast
  4061 | D:6      | Noticed a water moccasin
  4073 | D:6      | Killed a water moccasin
  4074 | D:6      | Reached skill level 1 in Short Blades
  4074 | D:6      | Reached XP level 7. HP: 36/42 MP: 0/12
  4281 | D:5      | Reached skill level 5 in Fire Magic
  4378 | D:5      | Found a stormy altar of Qazlal.
  4380 | D:5      | Noticed a fire elemental
  4380 | D:5      | Noticed a water elemental
  4380 | D:5      | Noticed an air elemental
  4413 | D:5      | Reached skill level 1 in Fighting
  4413 | D:5      | Reached skill level 5 in Stealth
  4614 | D:5      | Reached XP level 8. HP: 48/48 MP: 13/13
  4900 | D:5      | Found a staircase to the Ecumenical Temple.
  4907 | Temple   | Entered the Ecumenical Temple
  4982 | Temple   | Became a worshipper of Sif Muna the Loreminder
  5165 | D:6      | Found Pesosheq's Antique Armour Shop.
  5473 | D:7      | Learned a level 4 spell: Sticky Flame
  5479 | D:6      | Reached skill level 6 in Fire Magic
  5575 | D:6      | Reached skill level 5 in Conjurations
  6011 | D:7      | Reached XP level 9. HP: 41/53 MP: 3/16
  6018 | D:7      | Reached * piety under Sif Muna
  6282 | D:7      | Found an ornate altar of the Wu Jian Council.
  6400 | D:7      | Found Xamunin's Antique Armour Shop.
  6578 | D:7      | Reached skill level 7 in Fire Magic
  6754 | D:8      | Found a blossoming altar of Fedhas.
  6774 | D:8      | Reached skill level 5 in Spellcasting
  6876 | D:8      | Noticed a centaur warrior
  6880 | D:8      | Noticed a tengu conjurer
  6897 | D:8      | Gained mutation: Your mind is acute. (Int +2) [potion of
                  | mutation]
  6897 | D:8      | Gained mutation: You are somewhat resistant to further
                  | mutation. [potion of mutation]
  6898 | D:8      | Killed a centaur warrior
  6905 | D:8      | Identified the +6 long sword of Ifupluimm {drain, *Slow
                  | rC++ Int+3 Stlth-}
  6905 | D:8      | Identified the ring "Lufuisesu" {rElec rPois MP+9 Str+4}
  6905 | D:8      | Noticed a centaur warrior
  6910 | D:8      | Shot with an arrow by a centaur warrior

Illustrated notes

Levels and vault maps discovered:
D:1:      dpeg_arrival_concentric_ovals, layout_basic, minmay_cut_off
D:2:      layout_basic
D:3:      layout_basic, gammafunk_ghost_nasty_kobolds, lemuel_angel_altar
D:4:      layout_loops_corners, uniq_natasha
D:5:      wander_river, layout_basic, minmay_temple_entry_enclosed_plants,
          serial_shops, nicolae_shop_temple_entry_statues_fountains,
          nicolae_qazlal_style_of_elements
D:6:      layout_gridville, serial_shops, shop
D:7:      layout_loops_cross, overflow_temple_1_default, serial_shops,
          nicolae_shop_behind_doors
D:8:      minmay_cut_squares, layout_rooms, basic_altar,
          introduction_to_nature_2
Temple:   regret_index_temple_sigil_plot

Skill      XL: |  1  2  3  4  5  6  7  8  9 |
---------------+----------------------------+-----
Stealth        | 3 4 5 |  5.9
Conjurations   | 2 3 4 5 6 |  6.8
Fire Magic     | 4 5 6 7 |  7.5
Spellcasting   | 3 4 5 |  5.3
Dodging        | 3 4 |  4.7
Short Blades   | 1 2 3 |  3.0
Fighting       | 1 2 |  2.4

Action                   |  1- 3 |  4- 6 |  7- 9 || total
-------------------------+-------+-------+-------++-------
Melee: Short sword       |     8 |       |       ||     8
       Tentacles         |     7 |     6 |    18 ||    31
       Constrict         |    11 |    12 |    17 ||    40
       Dagger            |    20 |    54 |    83 ||   157
 Cast: Foxfire           |    50 |    61 |   127 ||   238
       Conjure Flame     |       |     1 |     1 ||     2
       Sticky Flame      |       |       |     9 ||     9
  Use: Scroll            |       |     6 |     1 ||     7
       Potion            |       |       |     9 ||     9
 Stab: Sleeping          |     5 |     4 |     4 ||    13
Armor: Skin              |     9 |    21 |    50 ||    80
Dodge: Dodged            |    41 |    43 |   141 ||   225

Table legend: (Time is in decaauts)
 A = Elapsed time spent in this place.
 B = Non-inter-level travel time spent in this place.
 C = Inter-level travel time spent in this place.
 D = Time resting spent in this place.
 E = Time spent auto-exploring this place.
 F = Levels seen in this place.
 G = Mean time per level.
                   A        B        C        D        E       F      G
               +--------+--------+--------+--------+--------+-----+--------+
         Total |   6901 |   6722 |    179 |    405 |   4420 |   9 |  766.8 |
       Dungeon |   6800 |   6646 |    154 |    405 |   4356 |   8 |  850.0 |
        Temple |    100 |     75 |     25 |      0 |     64 |   1 |  100.0 |
               +--------+--------+--------+--------+--------+-----+--------+

Top non-repeatable levels by time:
     D:1: 1200 daAuts
     D:2: 1082 daAuts
     D:6: 955 daAuts
     D:7: 918 daAuts
     D:4: 853 daAuts
     D:5: 834 daAuts
     D:3: 800 daAuts
     D:8: 155 daAuts
  Temple: 100 daAuts
